 Dungeon Crawl Stone Soup version 0.32-a0-391-gce5c0aab1b (webtiles) character file.

Game seed: 17822257062918506590

219 kibaces the Trooper (level 5, -4/57 HPs)
             Began as an Oni Fighter on Feb 19, 2024.
             Slain by an ogre
             ... wielding a +0 giant club
              (34 damage)
             ... on level 3 of the Dungeon.
             The game lasted 00:02:49 (2526 turns).

kibaces the Trooper (Oni Fighter)                   Turns: 2526, Time: 00:02:49

Health: -4/57      AC:  3    Str: 22    XL:     5   Next: 96%
Magic:  5/5        EV:  9    Int:  9    God:
Gold:   139        SH:  7    Dex:  8    Spells: 4/4 levels left

rFire   . . .        a - +0 war axe
rCold   . . .        c - +0 kite shield
rNeg    . . .        b - +0 robe
rPois   .            (helmet restricted)
rElec   .            (no cloak)
rCorr   .            (gloves unavailable)
SInv    .            (boots unavailable)
Will    .....        (no amulet)
Stlth   +            (no ring)
HPRegen 0.29/turn    (no ring)
MPRegen 0.09/turn

%: no passive effects
@: no status effects
A: large, unfitting armour, horns 1, tough skin 1, double potion healing,
drunken brawling
a: no special abilities


You were on level 3 of the Dungeon.
You visited 1 branch of the dungeon, and saw 3 of its levels.

You collected 139 gold pieces.

Inventory:

Hand Weapons
 a - a +0 war axe (weapon)
Armour
 b - a +0 robe (worn)
 c - a +0 kite shield (worn)
Scrolls
 e - a scroll of torment {unknown}
 h - a scroll of identify {unknown}
 i - 2 scrolls of teleportation {unknown}
 l - a scroll of vulnerability {unknown}
 o - 3 scrolls of noise {unknown}
 p - a scroll of blinking {unknown}
 q - a scroll of silence {unknown}
 s - a scroll of poison {unknown}
Potions
 d - a potion of might
 f - 2 potions of degeneration {unknown}
 g - a potion of attraction {unknown}
 j - 2 potions of lignification {unknown}
 k - a potion of heal wounds {unknown}
 m - a potion of resistance {unknown}
 n - a potion of invisibility {unknown}
 r - a potion of curing {unknown}


   Skills:
 + Level 5.1 Fighting
 + Level 3.2 Axes
 + Level 2.0 Armour
 + Level 3.5 Dodging
 + Level 3.5 Shields


You had 4 spell levels left.
You didn't know any spells.
Your spell library was empty.

Dungeon Overview and Level Annotations

Branches:
Dungeon (3/15)

Altars:
Kikubaaqudgha

Annotations:
D:1 2 runed translucent doors


Innate Abilities, Weirdness & Mutations

You are too large for most types of armour.
You have a pair of small horns on your head.
You have tough skin. (AC +1)
You gain doubled healing and magic from potions.
Whenever you drink a healing potion, you attack all around you.


Message History

The adder closely misses you.
Your Armour skill increases to level 2!
You hit the adder but do no damage. Your headbutt misses the adder.
You block the adder's attack. The adder bites you.
You slash the adder!
You kill the adder!
Found a stone staircase leading up.
A hobgoblin comes into view.
You slash the hobgoblin!
You kill the hobgoblin!
There is a stone staircase leading up here.
A hobgoblin comes into view.
The hobgoblin shouts!
The hobgoblin misses you.
You closely miss the hobgoblin. The hobgoblin closely misses you.
The hobgoblin completely misses you.
You slash the hobgoblin!
You kill the hobgoblin!
There is a stone staircase leading up here.
An ogre comes into view. It is wielding a +0 giant club.
The ogre shouts!
Found a scroll labelled MOTZEYXKUF.
Sorry, you're not good enough to have a special ability.
The ogre barely misses you.
You barely miss the ogre. You block the ogre's attack.
You barely miss the ogre. You block the ogre's attack.
You hit the ogre.
The ogre is lightly wounded.
The ogre barely misses you.
You slash the ogre!
The ogre is heavily wounded.
The ogre hits you with a +0 giant club!!
You barely miss the ogre.
The ogre is heavily wounded.
The ogre misses you.
You slash the ogre!
The ogre is severely wounded.
The ogre hits you with a +0 giant club!!
Ouch! That really hurt!
You die...

#.# #......†.>.#..##
#.# #.###.######..##
#.# #...........##
#.### #)#.######....
#...#.#.#....#######
###.#.#.............
#............#######
#.#.#.###...........
#.#@#.###...........
# #O#...>...........
#.#####...........
#.#...............
#.#...............
#.#.....##########
.?#.....# ###..†..#
#.....#


You could see an ogre.

Vanquished Creatures
  Jessica (D:2)
  6 adders
  2 dart slugs (D:1)
  A ribbon worm (D:3)
  2 orcs (D:3)
  7 ball pythons
  7 bats
  4 endoplasms
  6 giant cockroaches
  3 goblins (D:1)
  8 hobgoblins
  13 jackals
  5 kobolds
  3 quokkas
  3 frilled lizards
  3 rats
74 creatures vanquished.

Notes
Turn   | Place    | Note
-------+----------+-------------------------------------------
     0 | D:1      | kibaces the Oni Fighter began the quest for the Orb.
     0 | D:1      | Reached XP level 1. HP: 24/24 MP: 1/1
    84 | D:1      | Found a large runed translucent door.
    84 | D:1      | Found a large runed translucent door.
    92 | D:1      | Reached XP level 2. HP: 29/32 MP: 2/2
   391 | D:1      | Reached XP level 3. HP: 30/39 MP: 3/3
   529 | D:1      | Reached skill level 1 in Armour
   811 | D:2      | Noticed Jessica
   819 | D:2      | Killed Jessica
   820 | D:2      | Reached XP level 4. HP: 32/49 MP: 4/4
  1392 | D:2      | Reached XP level 5. HP: 54/55 MP: 5/5
  1514 | D:2      | Found a faded altar of an unknown god.
  1835 | D:3      | Reached skill level 5 in Fighting
  2229 | D:3      | Found an ancient bone altar of Kikubaaqudgha.
  2517 | D:3      | Noticed an ogre
  2526 | D:3      | Slain by an ogre

Illustrated notes

Levels and vault maps discovered:
D:1:      erik_arrival_cave_to_civilisation [erik_arrival_cave_to_temple],
          layout_basic
D:2:      minmay_wonky_spiral, layout_rooms,
          hellmonk_ecumenical_altar_arch_garden, nicolae_houndstooth_variations,
          uniq_jessica
D:3:      layout_basic, mainiacjoe_overflow_alcove_1

Skill      XL: |  1  2  3  4  5 |
---------------+----------------+-----
Armour         | 1 2 |  2.0
Dodging        | 3 |  3.5
Shields        | 3 |  3.5
Axes           | 3 |  3.2
Fighting       | 5 |  5.1

Action                     |  1- 3 |  4- 6 || total
---------------------------+-------+-------++-------
  Melee: War axe           |    53 |   128 ||   181
         Headbutt          |     9 |    17 ||    26
   Stab: Sleeping          |     1 |       ||     1
 Armour: Robe              |    38 |    94 ||   132
  Dodge: Dodged            |    25 |    77 ||   102
  Block: Kite shield       |    23 |    49 ||    72

Table legend: (Time is in decaauts)
 A = Elapsed time spent in this place.
 B = Non-inter-level travel time spent in this place.
 C = Inter-level travel time spent in this place.
 D = Time resting spent in this place.
 E = Time spent auto-exploring this place.
 F = Levels seen in this place.
 G = Mean time per level.
                   A        B        C        D        E       F      G
               +--------+--------+--------+--------+--------+-----+--------+
         Total |   2614 |   2552 |     62 |    251 |   1762 |   3 |  871.3 |
       Dungeon |   2614 |   2552 |     62 |    251 |   1762 |   3 |  871.3 |
               +--------+--------+--------+--------+--------+-----+--------+

Top non-repeatable levels by time:
     D:2: 904 daAuts
     D:3: 873 daAuts
     D:1: 836 daAuts
